 Dungeon Crawl Stone Soup version 0.22.0-27-ga576289 (console) character file.

834 removed the Firebug (level 7, 0/32 HPs)
             Began as a Vine Stalker Fire Elementalist on Aug 22, 2018.
             Was a Follower of Yredelemnul.
             Killed from afar by an orc wizard (5 damage)
             ... with a magic dart
             ... on level 5 of the Dungeon.
             The game lasted 00:12:04 (5623 turns).

removed the Firebug (VSFE)                          Turns: 5623, Time: 00:12:05

Health: 0/32       AC:  4    Str: 13    XL:     7   Next: 98%
Magic:  0/14       EV: 12    Int: 17    God:    Yredelemnul [*.....]
Gold:   268        SH:  0    Dex: 15    Spells: 4/14 levels left

rFire    . . .     SeeInvis .   a - +0 dagger
rCold    . . .     Gourm    .   (no shield)
rNeg     . . .     Faith    .   t - +0 robe
rPois    .         Spirit   +   n - +0 helmet
rElec    .         Reflect  .   (no cloak)
rCorr    .         Harm     .   (no gloves)
MR       .....                  m - +0 pair of boots
Stlth    ++........             (no amulet)
HPRegen  0.50/turn              y - +3 ring of strength
MPRegen  0.14/turn              (no ring)

@: slowed, very slow
A: fangs 2, regeneration 1, magic shield, antimagic bite, no potion heal 3, rot
immunity
a: Animate Remains, Renounce Religion


You were on level 5 of the Dungeon.
You worshipped Yredelemnul.
Yredelemnul was aware of your devotion.
You were not hungry.

You visited 1 branch of the dungeon, and saw 5 of its levels.

You collected 268 gold pieces.

Inventory:

Hand Weapons
 a - a +0 dagger (weapon)
Armour
 m - a +0 pair of boots (worn)
 n - a +0 helmet (worn)
 t - a +0 robe (worn)
Jewellery
 y - a +3 ring of strength (left hand)
Scrolls
 p - 3 scrolls of blinking
 z - 2 scrolls of enchant weapon {unknown}
 A - a scroll of noise {unknown}
 B - 5 scrolls of remove curse
 E - 2 scrolls of amnesia {unknown}
 G - a scroll of identify
Potions
 e - 2 potions of might
 f - a potion of heal wounds
 k - 3 potions of lignification {unknown}
 l - 3 potions of flight
 o - 2 potions of haste
 q - 3 potions of agility
 u - 2 potions of brilliance
 v - a potion of degeneration {unknown}
 w - a potion of magic {unknown}
 D - a potion of curing {unknown}
Comestibles
 c - 6 rations
 H - 3 chunks of flesh


   Skills:
 - Level 1.5 Dodging
 - Level 2.4 Stealth
 - Level 4.3 Spellcasting
 + Level 5.9 Conjurations
 + Level 5.9 Fire Magic


You had 4 spell levels left.
You knew the following spells:

 Your Spells              Type           Power        Failure   Level  Hunger
a - Flame Tongue          Conj/Fire      ###..        1%          1    None
b - Throw Flame           Conj/Fire      ###...       1%          2    ##.....
c - Conjure Flame         Conj/Fire      ###.....     4%          3    ###....
d - Sticky Flame          Conj/Fire      ###.....     14%         4    ####...

Your spell library contained the following spells:

 Spells                   Type           Power        Failure   Level  Hunger
 Inner Flame              Hex/Fire       ##......     14%         3    ###....
 Fireball                 Conj/Fire      ###.......   36%         5    ######.


Dungeon Overview and Level Annotations

Branches:
Dungeon (5/15)             Temple (0/1) D:5

Altars:
Ashenzari
Fedhas
Nemelex Xobeh
Qazlal
Uskayaw
Wu Jian
Yredelemnul

Shops:
D:5 :

Annotations:
D:4 Eustachio


Innate Abilities, Weirdness & Mutations

You have extremely sharp teeth.
Your natural rate of healing is unusually fast.
When hurt, damage is shared between your health and your magic reserves.
Your bite disrupts and absorbs the magic of your enemies.
Potions cannot restore your health.
You are immune to rotting.


Message History

Okay, then.
You hit the orc wizard but do no damage.
The orc wizard is almost dead.
The orc wizard barely misses you. x2
The orc wizard hits you with a dagger of speed.
* * * LOW HITPOINT WARNING * * *
You hit the orc wizard. Your bite misses the orc wizard.
The orc wizard is almost dead.
The orc wizard completely misses you. The orc wizard closely misses you.
Unknown command.
You hit the orc wizard but do no damage.
Your bite misses the orc wizard.
The orc wizard is almost dead.
The orc wizard hits you but does no damage.
The orc wizard hits you with a dagger of speed.
* * * LOW HITPOINT WARNING * * *
The orc wizard points at you and mumbles some strange words.
The magic dart hits you!
You die...
Your body rises from the dead as a mindless zombie.

.#....PPPP##
#.....####..#.#.####
.#.#..PPP..#
####..#....##.#.# ##
...#.####..#
#..#.##......# #.
.###.# #..#
#..#.##.##...# ##
.###.# ..(..
#............# )....#
#.
##.###....##.##..#####
....)#
.....#....##.##......#
..##.#
####.....)#.##.####.#
#..#.#
#...@..#..#.##.# #.#
.....####
#.##o.....#....# #.#
.........
.......#..###..# #.#
..####### ###..##..#
#..# #.# .........
#......###..####.#
.<.......
#......##.........
..#.###..
#................#
#.#.#
..............>.###
###.#
####.[...........# #


You could see an orc wizard.

Vanquished Creatures
  A phantom (D:4)
  A sky beast (D:5)
  A gnoll sergeant (D:5)
  A water moccasin zombie (D:2)
  A scorpion (D:4)
  A howler monkey (D:5)
  3 hounds
  A jelly (D:5)
  An orc priest (D:5)
  An iguana (D:4)
  An orc wizard (D:5)
  2 worker ants (D:5)
  5 adders
  6 gnolls
  2 oozes
  3 worms
  3 dart slugs
  A leopard gecko (D:4)
  4 orcs (D:5)
  A ball python (D:2)
  3 giant cockroaches
  11 hobgoblins
  2 jackals (D:4)
  4 kobolds
  5 quokkas
  9 bats
  2 frilled lizards
  A giant cockroach zombie (D:5)
  7 goblins
  4 rats
88 creatures vanquished.

Notes
Turn   | Place    | Note
-------+----------+-------------------------------------------
     0 | D:1      | removed the Vine Stalker Fire Elementalist began the quest for the Orb.
     0 | D:1      | Reached XP level 1. HP: 9/9 MP: 4/4
   195 | D:1      | Reached XP level 2. HP: 9/13 MP: 4/6
   860 | D:1      | Reached XP level 3. HP: 16/16 MP: 4/7
  1191 | D:1      | Learned a level 3 spell: Conjure Flame
  1499 | D:2      | Gained mutation: Your natural rate of healing is unusually fast. [Vine Stalker growth]
  1499 | D:2      | Reached XP level 4. HP: 14/21 MP: 5/8
  1871 | D:2      | Reached XP level 5. HP: 21/24 MP: 4/9
  2255 | D:2      | Found a faded altar of an unknown god.
  2266 | D:2      | Became a worshipper of Yredelemnul the Dark
  2266 | D:2      | Reached * piety under Yredelemnul
  2393 | D:3      | Noticed a dagger
  2393 | D:3      | Noticed a dagger
  2394 | D:3      | Found a hide-covered altar of Uskayaw.
  2532 | D:3      | Found a shattered altar of Ashenzari.
  2914 | D:3      | Learned a level 2 spell: Throw Flame
  3014 | D:3      | Found a shattered altar of Ashenzari.
  3238 | D:4      | Noticed a phantom
  3402 | D:4      | Killed a phantom
  3402 | D:4      | Reached skill level 5 in Fire Magic
  3402 | D:4      | Reached XP level 6. HP: 27/28 MP: 0/10
  3604 | D:4      | Noticed Eustachio
  4061 | D:4      | Reached skill level 5 in Conjurations
  4076 | D:4      | Found a sparkling altar of Nemelex Xobeh.
  4763 | D:5      | Entered Level 5 of the Dungeon
  4763 | D:5      | Found a staircase to the Ecumenical Temple.
  4901 | D:5      | Reached XP level 7. HP: 28/32 MP: 3/13
  5009 | D:5      | Found a blossoming altar of Fedhas.
  5012 | D:5      | Found a stormy altar of Qazlal.
  5201 | D:5      | Found an ornate altar of the Wu Jian Council.
  5363 | D:4      | Learned a level 4 spell: Sticky Flame
  5495 | D:5      | Found Qyur's Book Emporium.
  5623 | D:5      | Killed from afar by an orc wizard

Skill      XL: |  1  2  3  4  5  6  7 |
---------------+----------------------+-----
Conjurations   | 2 4 5 |  5.9
Fire Magic     | 5 |  5.9
Spellcasting   | 3 4 |  4.3
Dodging        | |  1.5
Stealth        | |  2.4

Action                   |  1- 3 |  4- 6 |  7- 9 || total
-------------------------+-------+-------+-------++-------
Melee: Dagger            |    12 |    35 |    15 ||    62
       Bite              |     5 |    14 |       ||    19
 Cast: Flame Tongue      |    48 |   150 |    55 ||   253
       Conjure Flame     |       |     2 |       ||     2
  Use: Scroll            |     5 |     6 |       ||    11
  Eat: Chunk             |     1 |    13 |     3 ||    17
Armor: Robe              |     4 |    23 |    12 ||    39
Dodge: Dodged            |    29 |    42 |    27 ||    98
